 Dungeon Crawl Stone Soup version 0.18-a0-917-g8a3da5b (webtiles) character file.

2581 sugabear the Vandal (level 9, -7/45 HPs)
             Began as a Vine Stalker Gladiator on Dec 26, 2015.
             Mangled by a gnoll
             ... wielding a +0 dagger of chaos
              (17 damage)
             ... while paralysed by a gnoll
             ... on level 7 of the Dungeon.
             The game lasted 00:15:49 (6977 turns).

sugabear the Vandal (Vine Stalker Gladiator)        Turns: 6977, Time: 00:15:49

Health: -7/45      AC:  4    Str: 20    XL:     9   Next: 58%
Magic:  0/10       EV:  2    Int:  8    God:
Gold:   283        SH:  0    Dex: 16    Spells: 0 memorised, 8 levels left

rFire  . . .     SeeInvis .     u - +1 scythe (venom)
rCold  . . .     Gourm    .     b - +0 leather armour
rNeg   . . .     Faith    .     (shield currently unavailable)
rPois  .         Spirit   +     c - +0 helmet
rElec  .         Dismiss  .     (no cloak)
rCorr  .         Reflect  .     (no gloves)
SustAt .         Harm     .     (no boots)
MR     +....                    (no amulet)
Stlth  ++........               (no ring)
                                (no ring)

@: paralysed, drained, somewhat resistant to hostile enchantments, unstealthy
A: fangs 3, regeneration 2, magic shield, antimagic bite, no device heal 3, rot
immunity
a: no special abilities


You were on level 7 of the Dungeon.
You were not hungry.

You visited 2 branches of the dungeon, and saw 8 of its levels.

You collected 283 gold pieces.

Inventory:

Hand Weapons
 a - a +0 flail
 t - a +2 hunting sling of flaming
 u - a +1 scythe of venom (weapon)
Missiles
 d - 2 throwing nets (quivered)
 w - 203 stones
 z - 79 sling bullets
Armour
 b - a +0 leather armour (worn)
 c - a +0 helmet (worn)
 N - the +5 scale mail of Lilacs {-Cast rElec Int+2, unknown}
   (You found it on level 6 of the Dungeon)

   It affects your intelligence (+2).
   It insulates you from electricity.
   It prevents spellcasting.
Jewellery
 p - a cursed -3 ring of intelligence {unknown}
 C - an uncursed amulet of rage {unknown}
 D - a +2 ring of evasion {unknown}
 J - a cursed ring of teleportation {unknown}
 K - a cursed -4 ring of intelligence {unknown}
Wands
 A - a wand of random effects (7/48)
 B - a wand of enslavement (10/24)
 I - a wand of flame (5/48)
 M - a wand of draining (1/15)
Scrolls
 e - 4 scrolls of remove curse {unknown}
 g - 3 scrolls of fear {unknown}
 h - 3 scrolls of teleportation {unknown}
 k - 2 scrolls of blinking {unknown}
 l - 2 scrolls of immolation {unknown}
 m - 3 scrolls of noise {unknown}
 n - 2 scrolls of recharging {unknown}
 q - a scroll of amnesia {unknown}
 s - 2 scrolls of random uselessness {unknown}
 y - 2 scrolls of magic mapping {unknown}
 E - a scroll of enchant armour {unknown}
 F - 4 scrolls of identify {unknown}
 H - 2 scrolls of enchant weapon {unknown}
Potions
 i - 5 potions of curing {unknown}
 o - a potion of mutation {unknown}
 v - 2 potions of cancellation {unknown}
Comestibles
 f - 4 bread rations
 j - 3 meat rations
 r - 2 beef jerkies
 x - 3 fruits


   Skills:
 + Level 4.2(3.9) Fighting
 + Level 3.5(3.3) Maces & Flails
 + Level 3.1(2.9) Polearms
 + Level 6.5(6.4) Slings
 + Level 2.0(4.3) Throwing
 + Level 3.8(3.6) Armour
 + Level 5.7(5.5) Dodging
 + Level 2.7(2.5) Stealth


You had 8 spell levels left.
You didn't know any spells.

Dungeon Overview and Level Annotations

Branches:
Dungeon (7/15)             Temple (1/1) D:4

Altars:
Ashenzari
Cheibriados
Dithmenos
Elyvilon
Fedhas
Gozag
Makhleb
Okawaru
Pakellas
Qazlal
Trog
Vehumet
Xom
Yredelemnul
Zin
The Shining One


Innate Abilities, Weirdness & Mutations

You have razor-sharp teeth.
You heal very quickly.
When hurt, damage is shared between your health and your magic reserves.
Your bite disrupts and absorbs the magic of your enemies.
Potions and wands cannot restore your health.
You are immune to rotting.


Message History

The gnoll hits you with a dagger of chaos.
The gnoll burns you.
You completely miss the gnoll. You bite the gnoll, but do no damage.
The gnoll hits you from afar with a spear of chaos.
The gnoll closely misses you. x2
The gnoll hits you with a dagger of chaos.
You suddenly lose the ability to move!
The gnoll barely misses you.
The gnoll hits you with a dagger of chaos.
The gnoll burns you.
The gnoll hits you from afar with a spear of chaos.
The gnoll hits you but does no damage.
You feel drained.
A hippogriff comes into view.
The gnoll hits you from afar with a spear of chaos.
The gnoll hits you with a dagger of chaos.
Space warps horribly around you!
The gnoll hits you from afar with a spear of chaos!
* * * LOW HITPOINT WARNING * * *
The gnoll freezes you. The gnoll hits you but does no damage.
You are electrocuted!
You die...

##≈..##.####..#
_⌠.#.#.≈# ..≈≈#
#≈#≈.#≈.#.(.≈≈#
##≈⌠.≈...#...≈≈
≈.##.#..#≈..#⌠#
##...g≈..g≈≈≈.##
#.≈ggg.#.#.### #@≈≈.#≈#
####H######
#...........
#...........
#...........
#+######.......(..>
..........#############
..........# #........
.......<..# #<.......


You could see a hippogriff (wandering) and 5 gnolls.

Vanquished Creatures
  Grinder (D:4)
  Sigmund (D:2)
  A water moccasin (D:6)
  The ghost of sugabear the Cudgeler, an amateur VSGl (D:5)
  Duvessa (D:5)
  A black bear (D:6)
  A necrophage (D:4)
  5 ogres
  An orc warrior (D:6)
  A gnoll sergeant (D:5)
  Dowan (D:5)
  3 scorpions
  An orc priest (D:5)
  A giant frog zombie (D:6)
  2 hounds (D:5)
  2 jellies
  2 orc wizards (D:5)
  2 centaur skeletons (D:6)
  Natasha (thrice) (D:3)
  3 worker ants
  Robin (D:2)
  7 adders
  8 gnolls
  2 shadow imps
  2 oozes
  An adder skeleton (D:6)
  4 worms
  4 giant geckos
  7 orcs
  7 giant cockroaches
  23 goblins
  14 hobgoblins
  4 jackals (D:6)
  9 kobolds
  4 quokkas
  2 ball pythons
  9 bats
  A giant cockroach zombie (D:6)
  A giant gecko skeleton (D:6)
  6 giant newts
  9 rats
159 creatures vanquished.

Notes
Turn   | Place    | Note
--------------------------------------------------------------
     0 | D:1      | sugabear the Vine Stalker Gladiator began the quest for the Orb.
     0 | D:1      | Reached XP level 1. HP: 11/11 MP: 2/2
    96 | D:1      | Reached XP level 2. HP: 15/15 MP: 3/3
   173 | D:1      | Reached skill level 3 in Maces & Flails
   173 | D:1      | Reached XP level 3. HP: 10/18 MP: 1/4
   811 | D:2      | Found a faded altar to an unknown god.
  1194 | D:2      | Reached XP level 4. HP: 11/23 MP: 3/5
  1279 | D:2      | Noticed Sigmund
  1370 | D:2      | Killed Sigmund
  1370 | D:2      | Reached XP level 5. HP: 11/27 MP: 6/6
  1370 | D:2      | Gained mutation: You heal very quickly. [Vine Stalker growth]
  1370 | D:2      | Reached XP level 6. HP: 13/32 MP: 7/7
  1484 | D:2      | Found a bloodstained altar of Trog.
  1674 | D:3      | Found a blossoming altar of Fedhas.
  1674 | D:3      | Noticed Robin
  1804 | D:2      | Killed Robin
  2309 | D:3      | Noticed Natasha
  2311 | D:3      | Killed Natasha
  2385 | D:3      | Found a stormy altar of Qazlal.
  2468 | D:3      | Reached skill level 1 in Stealth
  2693 | D:3      | Noticed Natasha
  2693 | D:3      | Killed Natasha
  2957 | D:3      | Noticed Natasha
  2959 | D:3      | Killed Natasha
  3068 | D:4      | Reached skill level 4 in Dodging
  3095 | D:4      | Reached skill level 1 in Slings
  3095 | D:4      | Reached XP level 7. HP: 19/35 MP: 5/8
  3513 | D:4      | Noticed Grinder
  3515 | D:4      | Paralysed by Grinder for 7 turns
  3528 | D:4      | Killed Grinder
  3528 | D:4      | Reached skill level 1 in Polearms
  3671 | D:4      | Found a staircase to the Ecumenical Temple.
  3680 | Temple   | Entered the Ecumenical Temple
  3820 | D:5      | Entered Level 5 of the Dungeon
  3921 | D:5      | Gained mutation: You have razor-sharp teeth. [Vine Stalker growth]
  3921 | D:5      | Reached XP level 8. HP: 35/40 MP: 7/9
  3984 | D:5      | Noticed sugabear's ghost (amateur VSGl)
  4649 | D:5      | Noticed Duvessa
  4660 | D:5      | Killed Duvessa
  4660 | D:5      | Reached skill level 5 in Dodging
  4663 | D:5      | Noticed Dowan
  4681 | D:5      | Killed Dowan
  5118 | D:5      | Killed sugabear's ghost
  5495 | D:5      | Reached skill level 5 in Slings
  5735 | D:6      | Reached XP level 9. HP: 42/45 MP: 10/10
  6086 | D:6      | Noticed a centaur skeleton
  6096 | D:6      | Killed a centaur skeleton
  6096 | D:6      | Reached skill level 6 in Slings
  6369 | D:6      | Found an opulent altar of Gozag.
  6415 | D:6      | Got a slimy scale mail
  6973 | D:7      | Found a shimmering altar of Xom.
  6976 | D:7      | Paralysed by a gnoll for 4 turns
  6977 | D:7      | Mangled by a gnoll

Vault maps used:
D:1:      elethiomel_arrival_quiet, minmay_stone_trees_small
D:2:      old_standard_altar, ecumenical_altar_2, uniq_sigmund
D:3:      grunt_qazlal_clouds, fedhas_altar_2, first_bread, st_stairs_11,
          nicolae_underground_beach, uniq_robin, uniq_natasha
D:4:      lemuel_temple_firewalk_marked, hangedman_decor_slide_cut, uniq_grinder
D:5:      uniq_duvessa
D:6:      grunt_gozag_statues
D:7:      tgw_xom, minmay_strange_pillars, uniq_menkaure
Temple:   circular_temple_12

Action                   |  1- 3 |  4- 6 |  7- 9 || total
-------------------------+-------+-------+-------++-------
Melee: Flail             |   107 |    12 |       ||   119
       Scythe            |       |    84 |   131 ||   215
 Fire: Hunting sling     |       |    33 |   176 ||   209
Throw: Throwing net      |       |     1 |       ||     1
 Stab: Held in net/web   |       |     1 |       ||     1
       Sleeping          |       |     1 |     2 ||     3
  Eat: Chunk             |       |     6 |    12 ||    18
       Royal jelly       |       |       |     1 ||     1
